 Dungeon Crawl Stone Soup version 0.27-a0-54-g64bdb92e38 (webtiles) character file.

Game seed: 15080670315732302263

52369 UristMcRaven the Thaumaturge (level 14, -9/86 HPs)
             Began as a Deep Elf Earth Elementalist on Jan 7, 2021.
             Was the Champion of Ru.
             Mangled by a red ugly thing (13 damage)
             ... on level 15 of the Dungeon.
             The game lasted 01:21:18 (24686 turns).

UristMcRaven the Thaumaturge (DEEE)                Turns: 24686, Time: 01:21:19

Health: -9/86      AC: 10    Str:  5    XL:     14   Next: 26%
Magic:  34/34      EV: 19    Int: 29    God:    Ru [******]
Gold:   2015       SH:  0    Dex: 15    Spells: 29/42 levels left

rFire    . . .     SeeInvis .   w - staff of air {!a}
rCold    . . .     Faith    .   (no shield)
rNeg     + . .     Spirit   .   Z - +3 leather armour
rPois    +         Reflect  .   G - +1 helmet
rElec    +         Harm     .   B - +0 cloak
rCorr    .         Rampage  .   (no gloves)
Will     +++..                  X - +0 pair of boots
Stlth    ++........             f - amulet of magic regeneration
HPRegen  0.24/turn              S - ring of the Mage {Wiz Will++ Int+3, =R}
MPRegen  0.49/turn              i - ring of Poak {rPois rN+ Will+}

@: no potions, no scrolls
A: no potion heal 1, inability to drink while threatened, inability to read
while threatened, inability to train armour, weak-willed 1, missing an eye
a: Renounce Religion, Draw Out Power, Power Leap, Apocalypse


You were on level 15 of the Dungeon.
You worshipped Ru.
Ru was exalted by your worship.
You visited 2 branches of the dungeon, and saw 20 of its levels.
You also visited: Ice Cave.

You collected 2015 gold pieces.

Inventory:

Hand Weapons
 a - the +1 falchion of Tofetoyz {drain, rPois rC+ Str+2}
   (You took it off an orc wizard on level 9 of the Dungeon)

   A truly terrible weapon, it drains the life of those it strikes.
   It affects your strength (+2).
   It protects you from cold.
   It protects you from poison.
 b - the +8 flail of Disgust {antimagic, *Rage rN++ Int+5, !a}
   (You found it on level 6 of the Dungeon)

   It reduces the magical energy of the wielder, and disrupts the spells and
   magical abilities of those hit.
   Natural abilities and divine invocations are not affected.
   It affects your intelligence (+5).
   It greatly protects you from negative energy.
   It may make you go berserk in combat.
Missiles
 g - 58 poisoned darts
 m - 20 boomerangs (quivered)
 s - a throwing net {=f}
 A - 8 atropa-tipped darts
 J - 223 stones
 U - 5 javelins
Armour
 h - a +2 robe of fire resistance
 v - +0 steam dragon scales
 B - a +0 cloak (worn)
 F - a +0 buckler
 G - a +1 helmet (worn)
 X - a +0 pair of boots (worn)
 Z - a +3 leather armour (worn)
Magical Staves
 w - an uncursed staff of air (weapon) {!a}
 W - an uncursed staff of fire {!a}
Jewellery
 f - an amulet of magic regeneration (around neck)
 i - the ring of Poak (right hand) {rPois rN+ Will+}
   (You found it in an ice cave)

   [ring of willpower]

   It protects you from poison.
   It protects you from negative energy.
   It affects your willpower, your defense against some magical effects.
 C - an uncursed amulet of regeneration
 K - an uncursed ring of wizardry
 L - a +6 ring of intelligence
 S - the ring of the Mage (left hand) {Wiz Will++ Int+3, =R}
   (You found it on level 2 of the Lair of Beasts)

   [ring of wizardry]

   It improves your spell success rate.
   It affects your intelligence (+3).
   It affects your willpower, your defense against some magical effects.
Wands
 r - a wand of paralysis (10)
 x - a wand of enslavement (9)
 E - a wand of acid (12)
 H - a wand of iceblast (15)
 P - a wand of disintegration (19)
 Q - a wand of polymorph (17)
 T - a wand of flame (16)
Scrolls
 e - 5 scrolls of blinking
 l - 6 scrolls of immolation
 o - 11 scrolls of remove curse {@r2}
 p - 5 scrolls of magic mapping
 q - 4 scrolls of fog
 y - 9 scrolls of teleportation {@r4}
 I - a scroll of holy word
 M - a scroll of enchant armour
Potions
 c - 6 potions of curing {@q1}
 d - a potion of berserk rage {unknown}
 j - 3 potions of degeneration {unknown}
 k - 3 potions of cancellation {unknown}
 n - 3 potions of might {unknown}
 t - 4 potions of lignification {unknown}
 u - 7 potions of heal wounds {@q2}
 z - 5 potions of flight
 D - 4 potions of haste {unknown}
 O - 3 potions of brilliance
 R - a potion of mutation {unknown}
 V - 3 potions of resistance
Miscellaneous
 N - a lightning rod (4/4)
 Y - a phantom mirror


   Skills:
 + Level 9.1 Fighting
 + Level 12.6 Dodging
 - Level 3.0 Stealth
 + Level 14.8 Spellcasting
 + Level 8.7 Conjurations
 - Level 5.0 Transmutations
 + Level 12.8 Earth Magic
 + Level 8.8 Evocations


You had 29 spell levels left.
You knew the following spells:

 Your Spells              Type           Power        Failure   Level
a - Sandblast             Erth           100%         0%          1
c - Stone Arrow           Conj/Erth      100%         1%          3
d - Lee's Rapid Deconstr  Erth           38%          1%          5
f - Petrify               Tmut/Erth      65%          1%          4

Your spell library contained the following spells:

 Spells                   Type           Power        Failure   Level
 Corona                   Hex            23%          1%          1
 Sting                    Tmut/Pois      100%         1%          1
 Summon Small Mammal      Summ           84%          1%          1
 Passwall                 Tmut/Erth      54%          1%          2
 Dazzling Flash           Conj/Hex       92%          1%          3
 Leda's Liquefaction      Hex/Erth       28%          1%          4
 Call Imp                 Summ           21%          2%          2
 Corpse Rot               Necr/Air       N/A          2%          2
 Ensorcelled Hibernation  Hex/Ice        42%          2%          2
 Slow                     Hex            21%          2%          2
 Ignite Poison            Fire/Tmut/Pois 31%          2%          3
 Call Canine Familiar     Summ           21%          4%          3
 Confusing Touch          Hex            21%          4%          3
 Gell's Gravitas          Tloc           10%          4%          3
 Inner Flame              Hex/Fire       21%          4%          3
 Portal Projectile        Hex/Tloc       42%          4%          3
 Summon Guardian Golem    Hex/Summ       21%          4%          3
 Tukima's Dance           Hex            21%          4%          3
 Fireball                 Conj/Fire      23%          8%          5
 Cause Fear               Hex            10%          16%         4
 Summon Ice Beast         Ice/Summ       21%          16%         4
 Summon Lightning Spire   Summ/Air       32%          16%         4
 Yara's Violent Unravell  Hex/Tmut       17%          16%         5
 Conjure Ball Lightning   Conj/Air       31%          36%         6
 Starburst                Conj/Fire      23%          36%         6
 Metabolic Englaciation   Hex/Ice        10%          38%         5
 Eringya's Noxious Bog    Tmut/Pois      17%          61%         6
 Ignition                 Fire           10%          100%        8
 Tornado                  Air            16%          100%        9


Dungeon Overview and Level Annotations

Branches:
Dungeon (15/15)            Temple (0/1) D:4            Lair (5/6) D:8
  Swamp (0/4) Lair:2        Snake (0/4) Lair:4          Orc (0/2) D:11
 Vaults (0/5) D:13          IceCv (visited)
  Slime: Lair:5-6    Depths: D:15

Altars:
Ashenzari
Cheibriados
Hepliaklqana
Kikubaaqudgha
Nemelex Xobeh
Okawaru
Qazlal
Ru
Sif Muna
Trog
Uskayaw
Vehumet
Yredelemnul
Zin

Shops:
D:8 [   D:9 =   D:12 (

Annotations:
D:3 3 runed translucent doors, slayr's ghost, amateur PaAK
D:4 3 runed translucent doors, qborf's ghost, amateur DECj
D:8 3 runed translucent doors, exclusion: 3 doors, Megustar's ghost, novice DEFE
D:14 exclusion: fire elemental
Lair:1 exclusion: hydra
Lair:2 exclusion: hydra
Lair:3 2 runed translucent doors, Dygurodad's ghost, journeyman DsBr
Lair:4 exclusion: 3 oklob plants
Lair:5 Snorg


Innate Abilities, Weirdness & Mutations

Potions are less effective at restoring your health.
You cannot drink potions while threatened.
You cannot read scrolls while threatened.
You cannot train Armour skill.
You are slightly weak-willed. (Will-)
You are missing an eye, making it more difficult to aim.


Message History

Magic restored.
Partly explored, can't reach some places.
You climb downwards.
The red ugly thing pecks you but does no damage.
The red ugly thing kicks you!
You are engulfed in flames!
The red ugly thing headbutts you.
You are engulfed in flames!!
You feel threatened and lose the ability to read scrolls!
You feel threatened and lose the ability to drink potions!
* * * LOW HITPOINT WARNING * * *
There is a stone staircase leading up, spattered with blood here.
The red ugly thing pecks you.
* * * LOW HITPOINT WARNING * * *
You are engulfed in flames!
* * * LOW HITPOINT WARNING * * *
The red ugly thing kicks you.
* * * LOW HITPOINT WARNING * * *
You are engulfed in flames!
* * * LOW HITPOINT WARNING * * *
The red ugly thing headbutts you!
You die...

#.#######..
#..........
#..........
#..........
#####..........
..............#
......uuu.....#
......u@.#
.........#
.........#
..........
..###...### .
#...# #...#
#...#


You could see 4 ugly things.

Vanquished Creatures
  Kirke (D:12)
  Fannar (D:12)
  2 ice dragons (IceCv)
  Harold (D:9)
  2 hydras (Lair:2)
  5 centaur warriors
  4 two-headed ogres
  Urug (Lair:2)
  Nergalle (D:10)
  A deep elf knight (D:13)
  An unseen horror (D:13)
  A skeletal warrior (D:13)
  4 wizards
  3 deep elf magi (D:13)
  4 ugly things
  A lindwurm (Lair:5)
  A cyclops (D:12)
  Maurice (D:9)
  2 ice statues (IceCv)
  2 black mambas
  A gargoyle (D:14)
  A cane toad (Lair:2)
  Maggie (D:9)
  5 komodo dragons
  2 kobold demonologists
  7 rime drakes
  2 polar bears
  A troll (D:13)
  A hornet (D:12)
  13 blink frogs
  4 dream sheep
  A meliai zombie (D:14)
  26 yaks
  A shadow (D:13)
  A wraith (D:14)
  A vampire (D:12)
  6 wyverns
  2 hogs (D:12)
  7 basilisks
  Eustachio (D:4)
  2 vampire mosquitoes (D:13)
  Grum (D:9)
  A swamp worm (Lair:2)
  A soldier ant (D:13)
  13 water moccasins
  A floating eye (Lair:4)
  7 black bears
  18 ice beasts
  2 sky beasts
  An eye of draining (shapeshifter) (D:14)
  5 orc warriors
  12 centaurs
  8 ogres
  25 wolves
  3 phantoms
  6 big kobolds
  18 bullfrogs
  A wyvern zombie (D:11)
  4 scorpions
  4 killer bees
  23 wights
  3 howler monkeys
  2 electric eels (D:10)
  A bullfrog zombie (D:10)
  3 centaur zombies
  2 quasits
  3 bullfrog skeletons
  3 jellies
  15 orc wizards
  9 orc priests
  6 hounds
  7 centaur skeletons
  Ijyb (D:5)
  6 iguanas
  5 hell rats (Lair:3)
  7 worker ants
  A bullfrog simulacrum (D:10)
  3 hound skeletons
  2 hound zombies (D:6)
  13 adders
  A shadow imp (D:5)
  6 white imps
  5 ufetubi
  2 oozes
  An adder skeleton (D:7)
  An adder zombie (D:9)
  6 worms
  A dart slug (D:1)
  5 leopard geckos
  42 orcs
  6 giant cockroaches
  15 hobgoblins
  9 jackals
  6 quokkas
  3 ball pythons
  A ball python skeleton (D:4)
  6 bats
  4 frilled lizards
  5 goblins
  A jackal skeleton (D:7)
  24 kobolds
  A quokka skeleton (D:6)
  A quokka zombie (D:9)
  5 rats
  A spectral orc (D:8)
529 creatures vanquished.

Vanquished Creatures (others)
  A blink frog (Lair:5)
  A wraith (D:10)
  3 humans (D:12)
  A swamp worm (Lair:2)
  A centaur (D:7)
  26 fungi
  A lurking horror (Lair:5)
  57 plants
91 creatures vanquished.

Grand Total: 620 creatures vanquished

Notes
Turn   | Place    | Note
-------+----------+-------------------------------------------
     0 | D:1      | UristMcRaven the Deep Elf Earth Elementalist began the
                  | quest for the Orb.
     0 | D:1      | Reached XP level 1. HP: 10/10 MP: 6/6
   145 | D:1      | Reached XP level 2. HP: 15/15 MP: 5/8
   524 | D:1      | Reached skill level 1 in Conjurations
  1435 | D:2      | Reached XP level 3. HP: 19/19 MP: 7/9
  2046 | D:2      | Learned a level 3 spell: Stone Arrow
  2075 | D:2      | Found a stormy altar of Qazlal.
  2075 | D:2      | Found an ancient bone altar of Kikubaaqudgha.
  2287 | D:2      | Found a shimmering blue altar of Sif Muna.
  2290 | D:2      | Found a radiant altar of Vehumet.
  2292 | D:2      | Found a sacrificial altar of Ru.
  2537 | D:2      | Found a glowing silver altar of Zin.
  2559 | D:2      | Reached XP level 4. HP: 24/24 MP: 11/11
  3109 | D:3      | Reached skill level 4 in Spellcasting
  3109 | D:3      | Reached XP level 5. HP: 24/28 MP: 8/13
  3373 | D:3      | Found a runed translucent gate.
  3374 | D:3      | Found a runed translucent gate.
  3374 | D:3      | Found a runed translucent gate.
  3384 | D:3      | Noticed slayr's ghost (amateur PaAK)
  3837 | D:2      | Found a bloodstained altar of Trog.
  3849 | D:2      | Became a worshipper of Ru the Awakened
  3926 | D:4      | Reached XP level 6. HP: 26/32 MP: 7/14
  4108 | D:4      | Reached skill level 5 in Earth Magic
  4141 | D:4      | Noticed Eustachio
  4149 | D:4      | Found a staircase to the Ecumenical Temple.
  4153 | D:4      | Reached skill level 5 in Spellcasting
  4160 | D:4      | Reached XP level 7. HP: 24/36 MP: 9/16
  4332 | D:4      | Found a runed translucent gate.
  4332 | D:4      | Found a runed translucent gate.
  4332 | D:4      | Found a runed translucent gate.
  4332 | D:4      | Noticed qborf's ghost (amateur DECj)
  4714 | D:5      | Entered Level 5 of the Dungeon
  4950 | D:5      | Reached skill level 5 in Dodging
  5151 | D:5      | Noticed Ijyb
  5157 | D:5      | Found a sparkling altar of Nemelex Xobeh.
  5202 | D:5      | Found a snail-covered altar of Cheibriados.
  5212 | D:5      | Found a broken altar of Ashenzari.
  5213 | D:5      | Found a hide-covered altar of Uskayaw.
  5261 | D:5      | Found a hazy altar of Hepliaklqana.
  5386 | D:6      | Reached skill level 6 in Spellcasting
  5386 | D:6      | Reached skill level 1 in Evocations
  5386 | D:6      | Reached XP level 8. HP: 42/42 MP: 9/19
  5512 | D:6      | Gained mutation: You cannot drink potions while threatened.
                  | [Ru sacrifice]
  5512 | D:6      | Reached * piety under Ru
  5546 | D:6      | Reached skill level 1 in Fighting
  5575 | D:6      | Learned a level 4 spell: Petrify
  5581 | D:6      | Learned a level 5 spell: Lee's Rapid Deconstruction
  5724 | D:6      | Got a scorched flail
  6184 | D:6      | Reached skill level 5 in Conjurations
  6469 | D:6      | Identified the +8 flail of Disgust {antimagic, *Rage rN++
                  | Int+5} (You found it on level 6 of the Dungeon)
  6505 | D:7      | Reached skill level 7 in Spellcasting
  6516 | D:7      | Found an ancient bone altar of Kikubaaqudgha.
  6603 | D:7      | Reached XP level 9. HP: 49/49 MP: 12/21
  7064 | D:7      | Found the +7 great mace "Undeadhunter" {disrupt, rN+}
  7064 | D:7      | Found the +5 scythe "Finisher" {speed, eviscerate}
  7123 | D:7      | Gained mutation: You are slightly weak-willed. (Will-) [Ru
                  | sacrifice]
  7123 | D:7      | Reached ** piety under Ru
  7302 | D:7      | Reached skill level 8 in Spellcasting
  7750 | D:8      | Found a runed translucent gate.
  7750 | D:8      | Found a runed translucent gate.
  7751 | D:8      | Found a runed translucent gate.
  7752 | D:8      | Noticed a nine-headed hydra
  7753 | D:8      | Noticed Megustar's ghost (novice DEFE)
  8122 | D:8      | Found a staircase to the Lair.
  8127 | D:7      | Reached skill level 10 in Earth Magic
  8127 | D:7      | Reached skill level 5 in Evocations
  8443 | D:8      | Reached XP level 10. HP: 56/56 MP: 17/24
  8530 | D:8      | Reached skill level 9 in Spellcasting
  8579 | D:8      | Found Jesel's Antique Armour Boutique.
  8627 | D:8      | Found a basalt altar of Yredelemnul.
  8914 | D:9      | Noticed Grum
  8918 | D:9      | Killed Grum
  9320 | D:9      | Noticed Maurice
  9692 | D:9      | Identified the cursed +1 falchion of Tofetoyz {drain, rPois
                  | rC+ Str+2}
  9833 | D:9      | Found an iron altar of Okawaru.
  9844 | D:9      | Noticed Maggie
  9846 | D:9      | Killed Maurice
 10004 | D:9      | Killed Maggie
 10122 | D:9      | Noticed Harold
 10225 | Lair:1   | Entered Level 1 of the Lair of Beasts
 10506 | Lair:1   | Reached XP level 11. HP: 55/62 MP: 2/26
 10630 | Lair:1   | Noticed an eight-headed hydra
 10671 | Lair:1   | Reached skill level 10 in Spellcasting
 11246 | Lair:2   | Noticed a six-headed hydra
 11903 | Lair:2   | Found the ring of the Mage {Wiz Will++ Int+3}
 11980 | Lair:2   | Noticed a seven-headed hydra
 11980 | Lair:2   | Noticed a four-headed hydra
 11990 | Lair:2   | Killed a four-headed hydra
 11991 | Lair:2   | Reached skill level 5 in Fighting
 12176 | Lair:2   | Killed a seven-headed hydra
 12392 | Lair:2   | Reached skill level 5 in Transmutations
 12431 | Lair:2   | Noticed Urug
 12440 | Lair:2   | Killed Urug
 12698 | Lair:2   | Found a staircase to the Swamp.
 13278 | Lair:3   | Reached skill level 11 in Spellcasting
 13494 | Lair:3   | Reached XP level 12. HP: 42/69 MP: 13/29
 13650 | Lair:3   | Found a large runed translucent door.
 13650 | Lair:3   | Found a large runed translucent door.
 13651 | Lair:3   | Noticed Dygurodad's ghost (journeyman DsBr)
 14263 | Lair:4   | Found a staircase to the Snake Pit.
 14651 | Lair:4   | Reached skill level 12 in Spellcasting
 15275 | Lair:5   | Gained mutation: You cannot train Armour skill. [Ru
                  | sacrifice]
 15275 | Lair:5   | Reached *** piety under Ru
 15289 | Lair:5   | Reached skill level 10 in Dodging
 15339 | Lair:5   | Found a frozen archway.
 15359 | IceCv    | Entered an ice cave
 15792 | IceCv    | Reached skill level 13 in Spellcasting
 16022 | IceCv    | Noticed an ice dragon
 16023 | IceCv    | Noticed an ice dragon
 16030 | IceCv    | Killed an ice dragon
 16030 | IceCv    | Killed an ice dragon
 16102 | IceCv    | Got a crude lapis lazuli ring
 16317 | Lair:5   | Identified the ring of Poak {rPois rN+ Will+} (You found it
                  | in an ice cave)
 16467 | Lair:5   | Noticed Snorg
 16662 | D:4      | Killed Eustachio
 16908 | D:5      | Killed Ijyb
 17193 | D:9      | Killed Harold
 17194 | D:9      | Reached XP level 13. HP: 78/78 MP: 10/32
 17241 | D:9      | Found Xolaw's Jewellery Emporium.
 17370 | D:10     | Entered Level 10 of the Dungeon
 17747 | D:10     | Noticed Nergalle
 17806 | D:10     | Killed Nergalle
 18006 | D:10     | Gained mutation: Potions are less effective at restoring
                  | your health. [Ru sacrifice]
 18006 | D:10     | Reached **** piety under Ru
 19159 | D:11     | Found a staircase to the Orcish Mines.
 19562 | D:12     | Noticed Kirke
 19567 | D:12     | Killed Kirke
 19977 | D:12     | Identified Sif Muna's Handbook of Dhcmrlchtdj
 19985 | D:12     | Identified the Papyrus of Combed Thunderclap
 19992 | D:12     | Identified Jessidong's Catalogue of Sand
 20000 | D:12     | Reached skill level 14 in Spellcasting
 20077 | D:12     | Gained mutation: You are missing an eye, making it more
                  | difficult to aim. [Ru sacrifice]
 20077 | D:12     | Reached ***** piety under Ru
 20368 | D:12     | Noticed Fannar
 20374 | D:12     | Killed Fannar
 20911 | D:12     | Found Ariakh's Weapon Boutique.
 20915 | D:12     | You fall into a shaft and drop 2 floors!
 22613 | D:13     | Reached XP level 14. HP: 51/80 MP: 6/34
 23123 | D:13     | Found a gate to the Vaults.
 23856 | D:13     | Gained mutation: You cannot read scrolls while threatened.
                  | [Ru sacrifice]
 23856 | D:13     | Reached ****** piety under Ru
 23955 | D:14     | Got a twisted leather armour
 23966 | D:14     | Identified the +0 leather armour of True Grit {-Tele rC+
                  | rCorr Str+5} (You found it on level 14 of the Dungeon)
 24136 | D:14     | Found a basalt altar of Yredelemnul.
 24349 | D:14     | Found a shimmering blue altar of Sif Muna.
 24675 | D:15     | Entered Level 15 of the Dungeon
 24686 | D:15     | HP: 4/86 [red ugly thing (12)]
 24686 | D:15     | Mangled by a red ugly thing

Illustrated notes

Levels and vault maps discovered:
D:1:      dpeg_arrival_another_circle, layout_basic
D:2:      layout_basic, nicolae_overflow_hidden_temple,
          gammafunk_temple_overflow_pools, eino_tiny_chamber
D:3:      layout_rooms, ebering_ghost_rock_garden
D:4:      layout_cave_pools, minmay_temple_entry_proselytizer,
          gammafunk_ghost_necromancy, grunt_ministairs_6, uniq_eustachio
D:5:      layout_gridville, minitemple, kennysheep_mini_moat,
          nzn_hepliaklqana_mist_gate, uniq_ijyb
D:6:      layout_gridville
D:7:      minmay_the_grid_square_5x5_3x3 [minmay_the_grid_square_5x5_lines,
          minmay_the_grid_square_5x5_checkered_statues,
          minmay_the_grid_square_5x5_shrine1, minmay_the_grid_square_5x5_bite,
          minmay_the_grid_square_5x5_megaprize_diamond,
          minmay_the_grid_square_5x5_one_wall,
          minmay_the_grid_square_5x5_minimal, minmay_the_grid_square_5x5_six,
          minmay_the_grid_square_5x5_pentomino_r], layout_cave_pools,
          basic_altar
D:8:      layout_loops_corners, yredelemnul_forgotten_temple_becter,
          minmay_lair_entry_grove, serial_shops, nicolae_shop_stone,
          gammafunk_ghost_hydra_chop
D:9:      layout_roguey, serial_shops, shop, okawaru_ov_weapons_minmay,
          uniq_maggie, uniq_maurice, uniq_harold, uniq_grum
D:10:     layout_basic, serial_ice, serial_ice_k, serial_ice_e, serial_ice_o,
          serial_ice_h, serial_ice_n, uniq_nergalle
D:11:     layout_loops_corners, orc_0_dummy
D:12:     layout_layer_cave, serial_shops, shop, bh_hangedman_babel_library,
          uniq_fannar, uniq_kirke
D:13:     layout_grid_maze, hangedman_vaults_entry_quadrant_bands,
          gauntlet_entry_generic, minivault_1
D:14:     layout_cave_pods, serial_column_ruins, column_ruins_grid_1,
          column_ruins_open_tiny, column_ruins_open_tiny,
          column_ruins_open_tiny, basic_altar, lemuel_blue_sif_altar,
          uniq_azrael
D:15:     gammafunk_enter_depths_forms, layout_irregular_city,
          grunt_decor_resistance
Lair:1:   layout_cave_pods, chequers_serial_rivers_large_b,
          minmay_stone_trees_medium, serial_bayou_shore_b
Lair:2:   layout_cave_pods, palyth_hydra_swamp_entry, uniq_urug
Lair:3:   layout_regular_city, ebering_ghost_disaster_area, grunt_megastairs_1,
          serial_bayou_shore_a
Lair:4:   layout_loops_ring, dummy_snake_entry, disabler_island,
          infiniplex_staircase_pool_2
Lair:5:   layout_cave_pods, portal_ice_cave_rime,
          amcnicky_altar_lugonu_corruption, uniq_snorg

Skill      XL: |  1  2  3  4  5  6  7  8  9 10 11 12 13 14 |
---------------+-------------------------------------------+-----
Conjurations   | 1 2 3 4 5 6 7 8 |  8.7
Dodging        | 3 4 5 6 8 11 12 | 12.6
Stealth        | 3 |  3.0
Transmutations | 2 3 5 |  5.0
Earth Magic    | 4 5 6 8 10 11 12 | 12.8
Spellcasting   | 4 5 6 7 8 9 11 13 14 | 14.8
Evocations     | 1 3 5 6 7 8 |  8.8
Fighting       | 2 3 4 5 7 8 9 |  9.1

Action                   |  1- 3 |  4- 6 |  7- 9 | 10-12 | 13-15 || total
-------------------------+-------+-------+-------+-------+-------++-------
Melee: Dagger            |   114 |    55 |    75 |    39 |       ||   283
       Falchion          |       |       |       |    26 |       ||    26
       Staff             |       |       |       |       |    29 ||    29
Throw: Dart              |       |    48 |    33 |     7 |       ||    88
       Boomerang         |       |       |       |    12 |    15 ||    27
 Cast: Sandblast         |    32 |    58 |    93 |    63 |    59 ||   305
       Stone Arrow       |       |       |    81 |    60 |    33 ||   174
       Lee's Rapid Decon |       |       |     3 |   160 |   175 ||   338
       Petrify           |       |       |       |    10 |     6 ||    16
Invok: Sacrifice Drink   |       |       |     1 |       |       ||     1
       Sacrifice Essence |       |       |     1 |       |       ||     1
       Reject Sacrifices |       |       |       |     1 |       ||     1
       Draw Out Power    |       |       |       |     1 |     1 ||     2
       Sacrifice Durabil |       |       |       |     1 |       ||     1
       Apocalypse        |       |       |       |       |     1 ||     1
       Sacrifice Purity  |       |       |       |       |     1 ||     1
       Sacrifice an Eye  |       |       |       |       |     1 ||     1
       Sacrifice Words   |       |       |       |       |     1 ||     1
Evoke: Wand              |       |       |       |     4 |     6 ||    10
       Lightning rod     |       |       |       |     4 |     2 ||     6
  Use: Scroll            |       |     4 |     2 |    14 |     6 ||    26
 Stab: Sleeping          |     4 |       |     2 |       |       ||     6
       Distracted        |       |       |       |       |     1 ||     1
Armor: Robe              |    34 |    18 |    35 |    18 |    13 ||   118
       Steam dragon scal |       |       |       |       |    10 ||    10
       Leather armour    |       |       |       |       |     2 ||     2
Dodge: Dodged            |    69 |    59 |    93 |   113 |    77 ||   411
       Rpst.: Falchion   |       |       |       |    19 |       ||    19

Table legend: (Time is in decaauts)
 A = Elapsed time spent in this place.
 B = Non-inter-level travel time spent in this place.
 C = Inter-level travel time spent in this place.
 D = Time resting spent in this place.
 E = Time spent auto-exploring this place.
 F = Levels seen in this place.
 G = Mean time per level.
                   A        B        C        D        E       F      G
               +--------+--------+--------+--------+--------+-----+--------+
         Total |  24775 |  23269 |   1506 |    286 |  19480 |  21 | 1179.8 |
       Dungeon |  18364 |  17128 |   1236 |    260 |  14190 |  15 | 1224.3 |
          Lair |   5455 |   5185 |    270 |     24 |   4464 |   5 | 1091.0 |
      Ice Cave |    956 |    956 |      0 |      2 |    826 |   1 |  956.0 |
               +--------+--------+--------+--------+--------+-----+--------+

Top non-repeatable levels by time:
    D:12: 1988 daAuts
    D:13: 1849 daAuts
  Lair:2: 1677 daAuts
     D:8: 1518 daAuts
     D:1: 1392 daAuts
     D:7: 1387 daAuts
  Lair:1: 1357 daAuts
     D:3: 1279 daAuts
     D:2: 1243 daAuts
     D:9: 1233 daAuts
     D:6: 1192 daAuts
    D:11: 1137 daAuts
    D:10: 1133 daAuts
  Lair:3: 1131 daAuts
    D:14: 1112 daAuts
